Map: Hills of Peshkov

Players

Duncan - Winner!

  • Race: Protoss Protoss
  • Spawn Location: 1:00

EdibleDXX - Winner!

  • Race: Zerg Zerg
  • Spawn Location: 11:00

Deathsboon - Winner!

  • Race: Protoss Protoss
  • Spawn Location: 12:00

A.I. 3 (Medium)

  • Race: Terran Terran
  • Spawn Location: 7:00

A.I. 4 (Medium)

  • Race: Protoss Protoss
  • Spawn Location: 6:00

A.I. 5 (Medium)

  • Race: Protoss Protoss
  • Spawn Location: 5:00

VOD

Have the link to the VOD?

Description

Time

  • Played on: Dec. 23, 2015, 3:59 p.m.
  • Length: 17:53
Show
View Real Time Build Order
Export as new Build Order

Duncan Protoss - Winner!

Build Orders:  

Get SALT Encoding   

  12  0:04  Probe (Chrono Boost)  
  13  0:17  Probe (Chrono Boost)  
  14  0:26  Pylon  
  14  0:48  Gateway  
  14  0:51  Pylon  
  14  0:57  Assimilator  
  14  1:05  Assimilator  
  14  1:20  Probe (Chrono Boost)  
  15  1:31  Probe (Chrono Boost)  
  16  1:39  Cybernetics Core  
  16  1:41  Probe (Chrono Boost)  
  17  1:52  Probe (Chrono Boost)  
  18  2:02  Probe (Chrono Boost)  
  19  2:21  Nexus  
  19  2:48  Robotics Facility  
  19  2:52  Robotics Facility  
  19  3:01  Stargate  
  19  3:13  Stargate  
  19  3:21  Warp Gate (Chrono Boost)  
  19  3:31  Probe  
  20  3:42  Probe  
  21  3:52  Probe  
  22  4:02  Pylon  
  22  4:03  Probe  
  22  4:04  Forge  
  23  4:13  Probe  
  24  4:44  Mothership Core  
  24  4:51  Pylon  
  26  5:02  Pylon  
  26  5:11  Assimilator  
  26  5:16  Assimilator  
  26  5:17  Probe  
  27  5:27  Probe  
  27  5:28  Fleet Beacon  
  28  5:37  Immortal  
  28  5:38  Probe  
  28  5:42  Immortal  
  37  5:48  Probe  
  38  5:59  Probe  
  38  6:04  Photon Cannon  
  39  6:07  Photon Cannon  
  39  6:11  Photon Cannon  
  39  6:31  Probe  
  40  6:41  Probe  
  47  6:52  Probe  
  48  6:59  Protoss Ground Weapons Level 1 (Chrono Boost)  
  48  7:03  Probe  
  49  7:16  Probe  
  50  7:30  Immortal  
  50  7:32  Immortal  
  58  8:10  Immortal  
  58  8:11  Immortal  
  66  8:24  Tempest  
  70  8:34  Pylon  
  70  8:35  Pylon  
  70  8:39  Pylon  
  70  8:42  Pylon, Protoss Ground Armor Level 1 (Chrono Boost)  
  70  8:45  Pylon  
  70  8:51  Tempest  
  74  9:18  Tempest  
  78  9:34  Tempest  
  82  10:01  Tempest  
  86  10:21  Protoss Shields Level 1 (Chrono Boost)  
  86  10:23  Protoss Air Weapons Level 1  
  86  10:41  Immortal  
  90  10:43  Immortal  
  90  10:44  Tempest  
  98  11:20  Immortal  
  98  11:23  Immortal  
  106  11:35  Twilight Council  
  106  12:02  Protoss Air Armor Level 1  
  106  12:13  Immortal  
  110  12:27  Pylon  
  110  12:29  Pylon  
  110  12:34  Pylon  
  110  12:37  Pylon  
  110  12:45  Immortal, Tempest  
  110  12:47  Tempest  
Show
View Real Time Build Order
Export as new Build Order

EdibleDXX Zerg - Winner!

Build Orders: Pool First 

Get SALT Encoding   

  12  0:07  Drone  
  13  0:08  Drone  
  14  0:30  Spawning Pool  
  14  0:35  Overlord  
  13  0:56  Drone x2  
  13  0:57  Drone  
  16  1:17  Drone  
  17  1:23  Queen  
  19  1:28  Overlord  
  19  1:56  Extractor  
  18  2:07  Hatchery  
  17  2:09  Zergling x6  
  20  2:28  Drone  
  21  2:37  Hatchery  
  20  2:48  Roach Warren  
  19  2:57  Drone x2  
  19  2:58  Drone x2  
  23  3:17  Overlord  
  23  3:21  Drone  
  23  3:22  Drone x3  
  27  3:35  Queen  
  27  3:38  Overlord  
  29  3:45  Zergling x2  
  29  3:46  Zergling x2  
  31  3:53  Zergling x6  
  34  4:16  Queen  
  36  4:23  Drone x5  
  36  4:24  Drone x2  
  43  4:30  Metabolic Boost  
  43  4:56  Roach x3  
  49  5:15  Overlord x3  
  49  5:29  Extractor  
  49  5:33  Drone x4  
  49  5:34  Drone x6  
  49  5:35  Drone x2  
  60  5:50  Extractor  
  60  5:51  Extractor  
  60  5:55  Extractor  
  60  5:56  Extractor  
  56  6:25  Roach x9  
  74  6:28  Overlord x6  
  74  6:29  Overlord x2  
  74  6:34  Lair  
  74  6:45  Evolution Chamber  
  73  6:53  Baneling Nest  
  72  7:01  Burrow  
  62  7:30  Zergling x8  
  62  7:31  Zergling x20  
  76  7:43  Queen  
  78  8:40  Pneumatized Carapace  
  80  8:48  Roach  
  80  8:49  Roach x14  
  80  8:50  Roach x2  
  112  9:00  Drone  
  112  9:01  Drone x9  
  122  9:20  Overlord x2  
  122  9:21  Overlord x2  
  122  9:49  Ravager  
  122  9:50  Ravager  
  122  9:51  Ravager x2  
  122  9:52  Ravager  
  128  9:53  Ravager x3  
  130  10:00  Hatchery  
  130  10:04  Drone  
  130  10:05  Drone x6  
  136  10:07  Overlord x2  
  136  10:19  Overseer  
  136  10:20  Overseer x3  
  136  11:09  Infestation Pit  
  135  11:15  Hydralisk Den  
  135  11:17  Spire  
  133  11:24  Overseer  
  133  11:25  Overseer  
  117  12:11  Hive  
  117  12:13  Lair x2  
  117  12:21  Zergling x2  
  117  12:22  Zergling x28  
  132  12:23  Zergling x30  
  147  12:36  Queen  
  149  13:06  Zerg Melee Weapons Level 1  
  149  13:07  Centrifical Hooks  
  149  13:18  Glial Reconstitution  
  149  13:22  Pathogen Glands  
  149  13:25  Lurker Den  
  149  13:26  Nydus Network  
  148  13:59  Adrenal Glands  
  148  14:09  Greater Spire  
  148  14:15  Corruptor  
  148  14:16  Corruptor x7  
  148  14:17  Corruptor x6  
  160  14:18  Corruptor x4, Neural Parasite  
  184  14:24  Overlord x2  
  184  14:25  Overlord x2  
  184  14:36  Tunneling Claws  
  154  15:32  Brood Lord x4  
  154  15:33  Brood Lord x5  
  162  16:18  Zergling x8  
  163  16:19  Zergling x36  
  163  16:20  Zergling x6  
  187  16:44  Hatchery  
Show
View Real Time Build Order
Export as new Build Order

Deathsboon Protoss - Winner!

Build Orders:  

Get SALT Encoding   

  12  0:12  Assimilator  
  12  0:17  Assimilator  
  12  0:24  Probe (Chrono Boost)  
  13  0:35  Probe (Chrono Boost)  
  14  0:45  Probe (Chrono Boost)  
  14  0:46  Pylon  
  15  0:58  Pylon  
  15  1:20  Pylon  
  15  1:40  Forge  
  15  2:08  Gateway, Probe (Chrono Boost)  
  16  2:19  Probe (Chrono Boost)  
  16  2:22  Photon Cannon  
  17  2:27  Photon Cannon  
  17  2:29  Probe (Chrono Boost)  
  18  2:40  Photon Cannon  
  18  2:41  Photon Cannon  
  18  2:50  Photon Cannon  
  18  2:58  Nexus  
  18  3:03  Pylon  
  18  3:11  Pylon  
  18  3:30  Probe (Chrono Boost)  
  18  3:31  Cybernetics Core  
  19  3:41  Probe (Chrono Boost)  
  20  3:51  Probe (Chrono Boost)  
  21  4:01  Photon Cannon  
  21  4:04  Photon Cannon  
  21  4:11  Photon Cannon  
  21  4:16  Photon Cannon  
  21  4:36  Mothership Core (Chrono Boost)  
  23  4:55  Probe (Chrono Boost)  
  24  5:05  Probe (Chrono Boost)  
  25  5:16  Probe (Chrono Boost)  
  26  5:26  Probe (Chrono Boost)  
  27  5:29  Stargate  
  27  5:34  Stargate  
  27  5:38  Stargate  
  27  5:42  Stargate  
  27  5:51  Stargate  
  27  6:01  Assimilator  
  27  6:07  Probe (Chrono Boost)  
  27  6:08  Assimilator  
  28  6:17  Probe (Chrono Boost)  
  29  6:28  Probe (Chrono Boost)  
  29  6:30  Photon Cannon  
  30  6:38  Probe (Chrono Boost)  
  31  6:49  Probe (Chrono Boost)  
  31  6:51  Fleet Beacon  
  30  7:19  Mothership Core (Chrono Boost)  
  32  7:32  Pylon  
  31  7:55  Carrier  
  37  8:04  Probe (Chrono Boost)  
  38  8:14  Probe (Chrono Boost)  
  39  8:25  Probe (Chrono Boost)  
  46  8:41  Probe (Chrono Boost)  
  47  8:51  Probe (Chrono Boost)  
  48  9:11  Probe (Chrono Boost)  
  49  9:21  Probe (Chrono Boost)  
  49  9:23  Nexus  
  50  9:30  Assimilator  
  50  9:32  Probe (Chrono Boost)  
  50  9:33  Assimilator  
  51  9:43  Probe (Chrono Boost)  
  52  9:53  Probe (Chrono Boost)  
  53  10:15  Pylon  
  53  10:20  Pylon  
  53  10:24  Pylon  
  53  10:38  Probe (Chrono Boost)  
  54  10:48  Probe (Chrono Boost)  
  55  10:59  Probe (Chrono Boost)  
  56  11:12  Probe (Chrono Boost)  
  56  11:17  Probe (Chrono Boost)  
  58  11:22  Probe (Chrono Boost)  
  58  11:24  Carrier x5  
  89  11:27  Probe (Chrono Boost)  
  89  11:33  Probe (Chrono Boost)  
  89  11:38  Probe (Chrono Boost)  
  83  11:48  Mothership Core (Chrono Boost), Probe (Chrono Boost)  
  86  11:59  Probe (Chrono Boost)  
  87  12:44  Probe (Chrono Boost)  
  87  12:49  Carrier x2  
  87  12:50  Carrier  
  106  12:55  Probe (Chrono Boost)  
  108  13:05  Probe (Chrono Boost)  
  108  13:13  Pylon  
  108  13:16  Probe (Chrono Boost)  
  108  13:19  Pylon  
  109  13:31  Probe (Chrono Boost), Carrier  
  116  13:36  Carrier  
Show
View Real Time Build Order
Export as new Build Order

A.I. 3 (Medium) Terran 

Build Orders:  

Get SALT Encoding   

  12  0:01  SCV  
  13  0:13  SCV  
  14  0:20  Supply Depot  
  14  0:25  SCV  
  15  0:41  SCV  
  16  0:46  Barracks  
  16  0:51  Refinery  
  16  0:53  SCV  
  17  1:05  SCV  
  18  1:18  Supply Depot  
  18  1:33  Marine  
  18  1:36  Barracks, Orbital Command  
  19  1:44  Refinery  
  19  1:52  Barracks Tech Lab  
  19  2:05  Factory  
  19  2:10  Marine  
  20  2:26  Supply Depot  
  20  2:28  Marauder  
  22  2:40  Marine  
  23  2:55  Marine  
  24  3:07  Supply Depot  
  24  3:10  Marine  
  25  3:15  SCV  
  26  3:25  Marauder  
  28  3:28  SCV  
  29  3:34  Engineering Bay  
  29  3:40  SCV, Hellion  
  32  3:52  SCV  
  32  3:55  Marine  
  34  3:56  Supply Depot  
  34  4:04  SCV  
  35  4:11  Hellion  
  35  4:16  SCV  
  38  4:32  Hellion  
  40  4:53  Hellion  
  42  6:55  Barracks Tech Lab, Widow Mine  
  42  6:58  Factory  
  42  7:00  Missile Turret  
  44  7:02  Missile Turret  
  44  7:03  Command Center  
  44  7:07  Sensor Tower, Marine  
  45  7:09  Armory  
  45  7:12  Starport  
  45  7:16  Barracks  
  45  7:18  Supply Depot  
  45  7:19  Marine  
  46  7:26  Factory Tech Lab, Bunker  
  44  7:41  Widow Mine  
  37  7:48  Starport Tech Lab  
  30  7:53  Marine  
  31  8:03  Barracks Reactor  
  31  8:05  Marine  
  31  8:07  Raven  
  31  8:10  Factory Tech Lab  
  34  8:15  SCV  
  34  8:18  SCV, Marine  
  37  8:22  Refinery  
  37  8:24  Missile Turret  
  37  8:26  Missile Turret  
  36  8:28  SCV, Refinery  
  36  8:30  SCV, Marine  
  39  8:40  SCV  
  40  8:42  Marine  
  40  8:43  SCV  
  40  8:47  Bunker  
  42  8:50  Raven  
  42  8:52  SCV  
  42  8:54  Marine  
  42  8:55  SCV  
  47  9:04  SCV  
  47  9:07  SCV, Marauder  
  51  9:16  SCV  
  52  9:19  SCV, Siege Tank  
  56  9:28  SCV  
  58  9:31  SCV, Siege Tank  
  60  9:40  SCV  
  60  9:43  SCV  
  60  9:44  Marauder  
  64  9:52  SCV  
  65  9:55  SCV  
  66  10:04  SCV  
  67  10:07  SCV  
  68  10:16  SCV  
  68  10:19  SCV  
  70  10:23  Supply Depot  
  70  11:48  Reaper, Medivac  
  70  11:50  Combat Shields  
  70  11:51  Stimpack  
  70  11:52  Terran Infantry Weapons Level 1, Starport  
  70  11:53  Marine  
  74  11:56  Supply Depot  
  74  11:58  Marine  
  74  11:59  Ghost Academy  
  74  12:00  Command Center  
  75  12:03  Fusion Core  
  75  12:04  Marine  
  75  12:07  Engineering Bay  
  76  12:11  Marine  
  76  12:15  Armory  
  77  12:18  Medivac  
  77  12:20  Supply Depot, Cyclone, Reaper  
  79  12:25  Marine  
  60  12:30  Starport Reactor  
  60  12:31  Marine  
  60  12:32  Terran Infantry Armor Level 1  
  60  12:36  Marine  
  60  12:43  Marine  
  61  12:48  Raven  
  61  12:49  Marine  
  64  12:52  Marine  
  64  12:57  Marine  
  66  13:02  Marine  
  67  13:08  Marauder  
  69  13:13  Marauder  
  69  13:14  SCV  
  69  13:17  SCV  
  69  13:18  Siege Tank  
  76  13:20  SCV  
  76  13:26  SCV  
  78  13:28  Refinery  
  78  13:29  SCV, Marauder  
  78  13:31  Concussive Shells, Raven  
  78  13:32  SCV  
  84  13:35  Missile Turret, Marauder  
  84  13:38  SCV  
  84  13:40  Missile Turret  
  87  13:42  SCV, Refinery  
  88  13:50  SCV  
  88  13:54  SCV  
  90  13:56  Medivac  
  90  13:57  Cyclone  
  86  14:03  Reaper  
  86  14:06  Bunker  
  86  14:08  Marine  
  88  14:13  Marine  
  88  14:14  Raven  
  91  14:18  Marine  
  92  14:57  Siege Tank  
  83  15:03  Marine  
  68  15:08  Marine  
  68  15:13  Marine  
  70  15:18  Marine  
  71  15:23  Marine  
  72  15:28  Marine  
  72  15:34  Marine  
  73  15:36  Marine  
  73  15:39  Raven  
  73  15:41  Marine  
  75  15:43  Medivac  
  75  15:46  Armory, Marine, Terran Vehicle Weapons Level 1  
  75  15:47  Command Center  
  64  15:52  SCV, Reaper  
  64  15:53  Medivac  
  64  15:54  Marine  
  64  15:55  SCV  
  61  15:58  SCV, Cyclone  
  61  15:59  Reaper  
  58  16:04  SCV, Marine  
  58  16:08  SCV  
  61  16:11  SCV  
  61  16:12  Marine  
  61  16:15  Viking  
  61  16:16  SCV, Engineering Bay  
  66  16:20  SCV  
  66  16:22  Marine  
  66  16:23  SCV, Marine  
  66  16:25  Supply Depot  
  70  16:28  SCV  
  70  16:29  Raven  
  70  16:30  Marine  
  70  16:31  Marine  
  74  16:37  SCV  
  74  16:38  Ghost Academy  
  74  16:40  Marauder  
  74  16:41  SCV, Marine  
  72  16:48  Marine  
  72  16:49  Marine  
  72  16:53  SCV  
  72  16:54  SCV  
  67  16:58  Supply Depot  
  52  17:01  Marauder  
  52  17:05  SCV  
  52  17:06  SCV  
  52  17:07  Marauder  
  42  17:16  Hellion  
  42  17:22  Marine  
  44  17:23  Factory Tech Lab  
Show
View Real Time Build Order
Export as new Build Order

A.I. 4 (Medium) Protoss 

Build Orders:  

Get SALT Encoding   

  12  0:01  Probe (Chrono Boost)  
  13  0:11  Probe (Chrono Boost)  
  14  0:21  Pylon  
  14  0:22  Probe (Chrono Boost)  
  15  0:39  Probe (Chrono Boost)  
  16  0:49  Probe (Chrono Boost), Assimilator  
  17  0:51  Gateway  
  17  1:00  Probe (Chrono Boost)  
  17  1:02  Pylon  
  18  1:30  Gateway  
  18  1:33  Assimilator  
  18  1:42  Cybernetics Core  
  18  1:43  Zealot  
  20  2:03  Pylon  
  20  2:17  Zealot, Warp Gate  
  22  2:33  Adept  
  24  2:51  Adept  
  24  2:53  Pylon  
  26  3:07  Adept  
  26  3:11  Probe (Chrono Boost)  
  29  3:22  Stalker, Probe (Chrono Boost)  
  33  3:34  Probe (Chrono Boost), Pylon  
  33  3:40  Adept  
  35  3:45  Forge  
  35  3:46  Probe (Chrono Boost)  
  36  3:55  Adept  
  36  3:58  Probe (Chrono Boost)  
  39  4:09  Probe (Chrono Boost)  
  40  4:20  Adept  
  42  4:36  Adept  
  44  6:27  Stalker  
  44  6:29  Probe (Chrono Boost)  
  44  6:30  Photon Cannon  
  47  6:33  Photon Cannon  
  47  6:36  Pylon  
  47  6:40  Nexus, Robotics Facility  
  47  6:42  Sentry, Stargate  
  49  6:48  Gateway  
  49  6:50  Forge  
  49  6:52  Twilight Council  
  49  6:56  Stalker  
  49  6:58  Pylon  
  51  7:10  Stalker  
  39  7:25  Sentry  
  39  7:26  Observer  
  36  7:39  Sentry  
  38  7:46  Observer  
  39  7:53  Probe (Chrono Boost)  
  39  7:54  Zealot  
  39  7:56  Probe (Chrono Boost)  
  43  8:03  Assimilator  
  43  8:05  Probe (Chrono Boost)  
  44  8:07  Probe (Chrono Boost)  
  44  8:08  Stalker, Pylon  
  44  8:10  Assimilator  
  47  8:15  Pylon  
  47  8:16  Probe (Chrono Boost)  
  47  8:18  Probe (Chrono Boost)  
  49  8:22  Zealot  
  51  8:27  Probe (Chrono Boost)  
  51  8:30  Probe (Chrono Boost)  
  52  8:37  Adept  
  52  8:38  Probe (Chrono Boost), Photon Cannon  
  52  8:41  Probe (Chrono Boost), Photon Cannon  
  56  8:49  Probe (Chrono Boost)  
  56  8:51  Adept  
  56  8:52  Probe (Chrono Boost)  
  60  9:00  Probe (Chrono Boost)  
  62  9:03  Probe (Chrono Boost)  
  62  9:11  Probe (Chrono Boost)  
  62  9:13  Observer  
  62  9:14  Probe (Chrono Boost)  
  64  9:22  Probe (Chrono Boost)  
  65  9:25  Probe (Chrono Boost)  
  66  9:33  Probe (Chrono Boost)  
  67  9:58  Probe (Chrono Boost)  
  67  11:09  Protoss Ground Weapons Level 1  
  67  11:14  Protoss Ground Armor Level 1  
  67  11:15  Immortal  
  71  11:20  Gateway  
  71  11:23  Stargate  
  71  11:25  Zealot  
  73  11:26  Templar Archives  
  73  11:32  Nexus, Dark Shrine  
  73  11:38  Fleet Beacon  
  73  11:42  Robotics Bay  
  73  11:45  Robotics Facility  
  73  11:46  Zealot  
  53  11:54  Stalker, Warp Prism  
  57  12:03  Zealot  
  59  12:12  Stalker  
  61  12:20  Sentry  
  63  12:28  Observer, Gravitic Drive  
  63  12:29  Stalker, Warp Prism  
  68  12:38  Adept  
  70  12:46  Immortal  
  70  12:48  Probe (Chrono Boost)  
  70  12:49  Assimilator  
  70  12:50  Probe (Chrono Boost)  
  76  12:54  Probe (Chrono Boost), Pylon  
  78  12:59  Probe (Chrono Boost)  
  78  13:02  Stalker  
  78  13:04  Pylon  
  78  13:05  Probe (Chrono Boost)  
  82  13:09  Zealot  
  82  13:10  Probe (Chrono Boost)  
  75  13:16  Probe (Chrono Boost)  
  75  13:17  Stalker  
  77  13:21  Probe (Chrono Boost)  
  77  13:23  Void Ray  
  79  13:28  Immortal, Probe (Chrono Boost)  
  79  13:33  Probe (Chrono Boost)  
  72  13:39  Stalker  
  72  13:40  Probe (Chrono Boost)  
  65  13:41  Warp Prism  
  65  13:46  Stalker  
  67  13:53  Stalker  
  66  14:01  Zealot  
  66  14:07  Assimilator  
  66  14:08  Zealot  
  68  14:17  Nexus  
  68  14:23  Immortal  
  65  14:31  Stalker  
  36  14:45  Nexus  
  32  14:47  Adept  
  31  14:55  Zealot  
  31  14:57  Probe (Chrono Boost)  
  22  15:02  Stalker  
  22  15:09  Probe (Chrono Boost), Pylon  
  22  15:10  Sentry  
  22  15:20  Dark Templar  
  12  15:38  Probe (Chrono Boost)  
  10  15:48  Probe (Chrono Boost)  
  10  15:58  Probe (Chrono Boost)  
  10  15:59  Probe (Chrono Boost)  
  11  16:27  Probe (Chrono Boost)  
  9  16:38  Probe (Chrono Boost)  
  10  16:50  Probe (Chrono Boost)  
  11  17:00  Probe (Chrono Boost)  
Show
View Real Time Build Order
Export as new Build Order

A.I. 5 (Medium) Protoss 

Build Orders:  

Get SALT Encoding   

  12  0:01  Probe (Chrono Boost)  
  13  0:11  Probe (Chrono Boost)  
  14  0:20  Pylon  
  14  0:22  Probe (Chrono Boost)  
  15  0:38  Probe (Chrono Boost)  
  16  0:47  Assimilator  
  16  0:48  Probe (Chrono Boost)  
  17  0:51  Gateway  
  17  0:59  Probe (Chrono Boost), Pylon  
  18  1:28  Gateway  
  18  1:34  Assimilator  
  18  1:36  Zealot  
  20  1:42  Cybernetics Core  
  20  2:00  Zealot  
  20  2:06  Pylon  
  22  2:14  Warp Gate  
  22  2:17  Stalker  
  24  2:37  Stalker  
  26  2:59  Stalker  
  26  3:03  Pylon  
  26  3:05  Probe (Chrono Boost)  
  29  3:16  Probe (Chrono Boost)  
  29  3:18  Adept  
  32  3:26  Forge  
  33  3:27  Probe (Chrono Boost)  
  33  3:39  Stalker, Probe (Chrono Boost)  
  36  3:51  Probe (Chrono Boost)  
  37  3:58  Stalker  
  37  4:02  Probe (Chrono Boost)  
  40  6:38  Stalker, Probe (Chrono Boost)  
  43  6:40  Pylon  
  43  6:42  Photon Cannon  
  43  6:45  Photon Cannon  
  43  6:48  Robotics Facility  
  43  6:51  Sentry, Nexus, Stargate  
  43  6:53  Twilight Council  
  45  6:55  Forge  
  45  7:00  Gateway  
  45  7:04  Adept, Pylon  
  35  7:17  Stalker  
  33  7:30  Stalker  
  33  7:36  Observer  
  35  7:43  Stalker  
  38  7:56  Zealot  
  38  7:58  Observer  
  42  8:06  Probe (Chrono Boost)  
  42  8:07  Probe (Chrono Boost)  
  42  8:09  Adept  
  45  8:16  Probe (Chrono Boost), Assimilator  
  45  8:18  Pylon  
  47  8:20  Probe (Chrono Boost), Pylon  
  47  8:22  Stalker  
  47  8:23  Assimilator  
  49  8:27  Probe (Chrono Boost)  
  49  8:31  Probe (Chrono Boost)  
  50  8:35  Zealot  
  50  8:38  Probe (Chrono Boost)  
  54  8:42  Photon Cannon  
  54  8:43  Probe (Chrono Boost)  
  54  8:44  Photon Cannon  
  54  8:48  Stalker, Probe (Chrono Boost)  
  57  8:54  Probe (Chrono Boost)  
  58  8:59  Probe (Chrono Boost)  
  59  9:05  Probe (Chrono Boost)  
  60  9:10  Probe (Chrono Boost)  
  60  9:15  Probe (Chrono Boost)  
  62  9:20  Probe (Chrono Boost)  
  63  9:26  Probe (Chrono Boost)  
  63  9:31  Probe (Chrono Boost)  
  65  9:36  Probe (Chrono Boost)  
  66  9:41  Probe (Chrono Boost)  
  67  11:04  Protoss Ground Weapons Level 1  
  67  11:07  Templar Archives, Warp Prism  
  67  11:08  Sentry  
  67  11:10  Protoss Ground Armor Level 1  
  71  11:13  Robotics Facility  
  71  11:18  Gateway, Void Ray  
  71  11:19  Nexus  
  71  11:22  Pylon  
  75  11:28  Dark Shrine  
  75  11:32  Robotics Bay  
  75  11:36  Fleet Beacon  
  75  11:42  Warp Prism  
  75  11:43  High Templar  
  56  11:55  Zealot  
  56  11:58  Observer  
  59  12:08  Stalker  
  61  12:17  Observer  
  61  12:18  Gravitic Drive  
  61  12:20  Sentry  
  64  12:33  Stalker  
  64  12:34  Probe (Chrono Boost)  
  68  12:39  Probe (Chrono Boost)  
  68  12:41  Probe (Chrono Boost)  
  69  12:45  Probe (Chrono Boost)  
  69  12:46  High Templar  
  69  12:49  Assimilator  
  69  12:50  Probe (Chrono Boost)  
  73  12:52  Probe (Chrono Boost), Assimilator  
  73  12:56  Probe (Chrono Boost)  
  73  12:58  High Templar  
  77  13:01  Probe (Chrono Boost)  
  78  13:08  Probe (Chrono Boost)  
  78  13:09  Probe (Chrono Boost)  
  78  13:10  Observer Gravitic Boosters  
  78  13:11  High Templar  
  82  13:13  Probe (Chrono Boost)  
  82  13:19  Probe (Chrono Boost)  
  71  13:23  Sentry  
  73  13:36  Sentry  
  73  13:40  Probe (Chrono Boost)  
  71  13:46  Stalker  
  70  13:51  Probe (Chrono Boost)  
  70  13:54  Stalker  
  65  13:59  Warp Prism  
  65  14:00  Probe (Chrono Boost)  
  65  14:01  Warp Prism  
  65  14:02  Zealot  
  58  14:04  Probe (Chrono Boost)  
  58  14:09  Stalker  
  47  14:12  Probe (Chrono Boost)  
  47  14:15  Probe (Chrono Boost)  
  45  14:17  Stalker  
  44  14:24  Probe (Chrono Boost), Zealot  
  44  14:26  Probe (Chrono Boost)  
  43  14:32  Stalker  
  43  14:36  Probe (Chrono Boost)  
  44  14:38  Probe (Chrono Boost)  
  44  14:39  Zealot  
  44  14:42  Assimilator  
  44  14:44  Warp Prism  
  40  14:46  Stalker, Nexus  
  40  14:47  Probe (Chrono Boost)  
  40  14:50  Probe (Chrono Boost)  
  37  14:54  Stalker  
  37  14:59  Probe (Chrono Boost)  
  30  15:01  Zealot  
  17  15:11  Probe (Chrono Boost)  
  19  15:15  Zealot  
  19  15:22  Probe (Chrono Boost)  
  19  15:23  Stalker  
  15  15:35  High Templar  
  15  15:40  Probe (Chrono Boost)  
  15  15:41  Pylon  
  15  15:43  High Templar  
  9  15:51  Probe (Chrono Boost)  
  9  15:52  High Templar  
  8  15:58  Probe (Chrono Boost)  
  8  16:09  Probe (Chrono Boost)  
  7  16:19  Probe (Chrono Boost)  
  8  16:30  Probe (Chrono Boost)  
  9  16:36  Nexus  
  9  16:39  Assimilator  
  9  16:40  Probe (Chrono Boost)  
  10  16:51  Probe (Chrono Boost)  
  11  17:26  Probe (Chrono Boost)  
  11  17:29  Pylon  
  12  17:32  Pylon  
  13  17:37  Probe (Chrono Boost)  
  13  17:39  Pylon  
Tags
 
Add a new tag
Caveats
  • Supply blocks, unpowered buildings, or Contaminate may cause inaccurate times.
  • Supply counts are checked every 10 seconds.